 Dungeon Crawl Stone Soup version 0.17-a0-744-gaa96792 (webtiles) character file.

502 Sefarot the Grave Robber (level 7, -3/46 HPs)
             Began as a Human Necromancer on Apr 21, 2015.
             Shot with an arrow by a centaur (15 damage)
             ... on level 5 of the Dungeon.
             The game lasted 00:18:08 (4334 turns).

Sefarot the Grave Robber (Human Necromancer)        Turns: 4334, Time: 00:18:08

Health: -3/46      AC:  3    Str:  8    XL:     7   Next: 40%
Magic:  7/13       EV: 12    Int: 17    God:
Gold:   127        SH:  0    Dex: 14    Spells: 4 memorised, 5 levels left

rFire  . . .     SeeInvis .     C - +0 blowgun
rCold  . . .     Clarity  .     t - +0 robe (curse)
rNeg   . . .     SustAb   .     (no shield)
rPois  .         Gourm    .     A - +0 helmet
rElec  .         Spirit   .     (no cloak)
rCorr  .         Warding  .     (no gloves)
rMut   .         Stasis   .     (no boots)
MR     .....                    x - amulet of regeneration
Stlth  +++.......               (no ring)
                                o - ring of stealth

@: not resistant to hostile enchantments, fairly stealthy
A: no striking features
a: no special abilities


You were on level 5 of the Dungeon.
You were not hungry.

You visited 1 branch of the dungeon, and saw 5 of its levels.

You collected 192 gold pieces.
You spent 65 gold pieces at shops.

Inventory:

Hand weapons
 d - a +0 whip
 e - a +0 spear
 u - a +0 hunting sling
 C - a +0 blowgun (weapon)
 D - a +0 great sword
 H - a +0 shortbow
Missiles
 g - 191 stones
 j - 7 javelins
 l - 52 arrows
 s - 38 sling bullets
 v - 22 bolts
 B - 53 poisoned needles (quivered)
 I - a throwing net
Armour
 a - a +0 robe
 t - a cursed +0 robe (worn)
 A - a +0 helmet (worn)
Jewellery
 o - a ring of stealth (left hand)
 p - an uncursed ring of fire
 x - an amulet of regeneration (around neck)
Magical devices
 J - a wand of digging (8)
Scrolls
 i - a scroll of remove curse {unknown}
 m - a scroll of magic mapping {unknown}
 n - a scroll of blinking {unknown}
 y - a scroll of identify
 F - a scroll of amnesia {unknown}
 G - a scroll of immolation {unknown}
Potions
 k - 2 potions of might
 q - a potion of flight
 z - a potion of poison {unknown}
 E - a potion of agility {unknown}
Books
 b - a book of Necromancy

   Spells                             Type                      Level
   a - Pain                           Necromancy                   1
   b - Animate Skeleton               Necromancy                   1
   c - Vampiric Draining              Necromancy                   3
   d - Regeneration                   Charms/Necromancy            3
   e - Animate Dead                   Necromancy                   4
   f - Control Undead                 Necromancy                   4
Comestibles
 c - a bread ration
 f - 2 beef jerkies
 h - 3 meat rations
 r - 5 fruits
 w - 3 slices of pizza
 K - a chunk of flesh


   Skills:
 - Level 0.2 Fighting
 - Level 2.0 Dodging
 - Level 2.0 Stealth
 + Level 4.3 Spellcasting
 - Level 7.2 Necromancy


You had 5 spell levels left.
You knew the following spells:

 Your Spells              Type           Power        Failure   Level  Hunger
a - Pain                  Necr           ####         1%          1    None
b - Animate Skeleton      Necr           N/A          1%          1    None
c - Regeneration          Chrm/Necr      ###.......   12%         3    ###....
d - Animate Dead          Necr           N/A          10%         4    ####...


Dungeon Overview and Level Annotations

Branches:
Dungeon (5/15)
 Temple: D:4-7

Altars:
Fedhas
Yredelemnul

Shops:
D:4 (

Annotations:
D:5 Menkaure


Message History

Press: ? - help, Shift-Dir - straight line, f/p - centaur
Aim: a centaur, wielding a shortbow (lightly wounded, chance 84%)
The centaur convulses in agony!
The centaur shoots an arrow.
The arrow hits you!
Casting: Pain
Confirm with . or Enter, or press ? or * to list all spells.
Aiming: Pain
Press: ? - help, Shift-Dir - straight line, f/p - centaur
Aim: a centaur, wielding a shortbow (heavily wounded, chance 84%)
The centaur convulses in agony!
The centaur shoots an arrow.
The arrow hits you.
* * * LOW HITPOINT WARNING * * *
Casting: Pain
Confirm with . or Enter, or press ? or * to list all spells.
Aiming: Pain
Press: ? - help, Shift-Dir - straight line, f/p - centaur
Aim: a centaur, wielding a shortbow (severely wounded, chance 84%)
The centaur convulses in agony!
The centaur shoots an arrow.
The arrow barely misses you.
The centaur shoots an arrow.
The arrow hits you!
You die...

#. #.# #.## .. #...
#... #..# ... #..#
..# #..#########..#
#.......(.....#..##
#..##.....@.......#
#.###.#####.c.#....
#.###.# .###
#<....# .#
#####.### .# #...#
.. ##### ##


You could see a centaur.

Vanquished Creatures
  A centaur (D:4)
  A scorpion (D:4)
  A hound (D:4)
  An orc wizard (D:3)
  6 worker ants (D:4)
  A hound skeleton (D:4)
  5 adders
  2 worms (D:3)
  6 giant geckos
  9 orcs (D:3)
  9 bats
  6 giant cockroaches
  6 goblins
  9 hobgoblins
  A quokka (D:5)
  A ball python (D:4)
  7 giant newts
  6 jackals (D:1)
  9 kobolds
  6 rats
93 creatures vanquished.

Vanquished Creatures (others)
  An adder skeleton (D:5)
  A goblin (D:5)
2 creatures vanquished.

Grand Total: 95 creatures vanquished

Notes
Turn   | Place    | Note
--------------------------------------------------------------
     0 | D:1      | Sefarot, the Human Necromancer, began the quest for the Orb.
     0 | D:1      | Reached XP level 1. HP: 13/13 MP: 3/3
   203 | D:1      | Reached XP level 2. HP: 14/19 MP: 1/5
   607 | D:1      | Reached XP level 3. HP: 20/24 MP: 2/6
   903 | D:1      | Reached skill level 5 in Necromancy
   923 | D:1      | Learned a level 1 spell: Animate Skeleton
   927 | D:1      | Learned a level 3 spell: Regeneration
  1212 | D:2      | Reached XP level 4. HP: 28/30 MP: 4/7
  1396 | D:2      | Found a basalt altar of Yredelemnul.
  2407 | D:3      | Reached skill level 6 in Necromancy
  2407 | D:3      | Reached XP level 5. HP: 26/35 MP: 0/8
  2681 | D:3      | Found a blossoming altar of Fedhas.
  2768 | D:3      | HP: 1/35 [orc priest/divine providence (10)]
  3387 | D:4      | Reached XP level 6. HP: 35/41 MP: 9/9
  3435 | D:4      | Reached skill level 7 in Necromancy
  3476 | D:4      | Learned a level 4 spell: Animate Dead
  3558 | D:4      | Found Kusy's Weapon Emporium.
  3710 | D:4      | Noticed a centaur
  3846 | D:4      | Bought a +0 great sword for 65 gold pieces
  3895 | D:4      | HP: 1/41 [centaur/arrow (7)]
  3897 | D:4      | Killed a centaur
  3897 | D:4      | Reached XP level 7. HP: 3/46 MP: 5/12
  3898 | D:4      | dat centaur =(
  4271 | D:5      | Entered Level 5 of the Dungeon
  4271 | D:5      | Noticed Menkaure
  4334 | D:5      | Shot with an arrow by a centaur

Action                   |  1- 3 |  4- 6 |  7- 9 || total
-------------------------+-------+-------+-------++-------
Melee: Whip              |     1 |       |       ||     1
       Spear             |       |    13 |       ||    13
 Fire: Blowgun           |       |    27 |     2 ||    29
Throw: Stone             |     1 |       |       ||     1
 Cast: Pain              |    53 |   105 |    21 ||   179
       Animate Skeleton  |     6 |     1 |       ||     7
       Regeneration      |       |     1 |       ||     1
  Use: Scroll            |     1 |     3 |       ||     4
       Potion            |       |     1 |       ||     1
 Stab: Sleeping          |       |     2 |     1 ||     3
       Distracted        |       |     1 |       ||     1
  Eat: Chunk             |     2 |     8 |     2 ||    12
       Fruit             |       |     2 |       ||     2
